 Dungeon Crawl Stone Soup version 0.28.0 (webtiles) character file.

Game seed: 4628201863101369014

105 dolemite99 the Twirler (level 4, 33/33 HPs)
             Began as a Demonspawn Gladiator on Feb 5, 2022.
             Was a Follower of Vehumet.
             Quit the game on level 2 of the Dungeon.
             The game lasted 00:01:58 (2837 turns).

dolemite99 the Twirler (Demonspawn Gladiator)       Turns: 2837, Time: 00:02:00

Health: 33/33      AC:  9    Str: 16    XL:     4   Next: 53%
Magic:  4/4        EV: 10    Int:  9    God:    Vehumet [*.....]
Gold:   101        SH:  0    Dex: 15    Spells: 3/3 levels left

rFire   . . .      SeeInvis .   a - +0 quarterstaff
rCold   + . .      Faith    .   (shield currently unavailable)
rNeg    . . .      Spirit   .   l - +0 scale mail
rPois   .          Reflect  .   c - +0 helmet
rElec   .          Harm     .   (no cloak)
rCorr   .          Rampage  .   m - +1 pair of gloves
Will    .....                   (no boots)
Stlth   ..........              (no amulet)
HPRegen 0.11/turn               h - ring of protection from cold
MPRegen 0.09/turn               (no ring)

@: no status effects
A: claws 1, ignite blood 1
a: Renounce Religion


You were on level 2 of the Dungeon.
You worshipped Vehumet.
Vehumet was aware of your devotion.
You visited 1 branch of the dungeon, and saw 2 of its levels.

You collected 101 gold pieces.

Inventory:

Hand Weapons
 a - a +0 quarterstaff (weapon)
Missiles
 d - 3 throwing nets (quivered)
 k - 17 stones
 n - 8 arrows
Armour
 b - a +0 leather armour
 c - a +0 helmet (worn)
 g - a +0 ring mail
 l - a +0 scale mail (worn)
 m - a +1 pair of gloves (worn)
Jewellery
 h - a ring of protection from cold (left hand)
Scrolls
 e - a scroll of immolation {unknown}
 f - a scroll of identify {unknown}
 i - a scroll of teleportation {unknown}
Potions
 j - a potion of degeneration {unknown}


   Skills:
 - Level 2.0 Fighting
 + Level 4.9 Staves
 - Level 1.7 Throwing
 - Level 2.6 Dodging


You had 3 spell levels left.
You didn't know any spells.
Your spell library contained the following spells:

 Spells                   Type           Power      Damage    Failure   Level
 Foxfire                  Conj/Fire      0%         2x1d4     83%         1
 Summon Small Mammal      Summ           0%         N/A       83%         1
 Call Canine Familiar     Summ           0%         N/A       99%         3
 Summon Guardian Golem    Hex/Summ       0%         N/A       99%         3


Dungeon Overview and Level Annotations

Branches:
Dungeon (2/15)

Altars:
Vehumet


Innate Abilities, Weirdness & Mutations

You have sharp fingernails.
Your demonic aura sometimes causes spilled blood to erupt in flames.


Message History

You thump the plant!
The plant is moderately damaged.
A nearby plant withers and dies.
You hit the plant but do no damage. You hit the plant.
The plant begins to die.
The plant is lightly damaged.
You thump the plant!
The plant is lightly damaged.
You hit the plant but do no damage.
The plant is lightly damaged.
You hit the plant but do no damage.
The plant is lightly damaged.
You sock the plant!
The plant is lightly damaged.
A nearby plant withers and dies.
You completely miss the plant. You sock the plant!
The plant begins to die.
The plant is lightly damaged.
You sock the plant!
The plant begins to die.
The plant is lightly damaged.
You hit the plant.
The plant is lightly damaged.
You hit the plant.
The plant is lightly damaged.
A nearby plant withers and dies.
You hit the plant.
The plant is lightly damaged.
You hit the plant.
The plant is lightly damaged.
A nearby plant withers and dies.
There is an open door here.
You aren't carrying any items that you can evoke.
There is an open door here.
There is a faded altar of an unknown god here.
You cannot tell which god this altar belongs to.
Convert to them anyway?
Vehumet accepts your prayer! Vehumet welcomes you!
You can now gain magical power from killing.
Vehumet offers you knowledge of Foxfire.
Are you sure you want to abandon this character and quit the game? (Confirm with "yes".)

#.###.#### #.#......#
#.#.#....#
#.#.#################
#.#.>....))..........
##.#...########.######
########.............#.#
#..........♣♣♣....##.#.######
##.#####..♣♣@♣♣...##.#.......
#.# ##..♣♣..♣♣♣..##.#.......
#.# #..♣♣PP.♣.♣♣..#.#.......
#.# #.♣♣P♣...♣.♣♣...#.......
#.###.♣.........♣.###.......
#.....♣.###'###♣♣...........
####..♣♣#.....#♣♣...........
##.♣!#..8..#÷♣...........
#.♣♣#.....#♣♣....#......


There were no monsters in sight!

Vanquished Creatures
  Natasha (D:2)
  3 gnolls (D:2)
  2 worms (D:2)
  A dart slug (D:1)
  A ball python (D:1)
  2 giant cockroaches (D:2)
  3 goblins
  3 hobgoblins
  7 jackals (D:1)
  4 kobolds
  3 quokkas
  5 bats
  2 frilled lizards (D:1)
  6 rats (D:1)
43 creatures vanquished.

Vanquished Creatures (others)
  7 plants (D:2)
7 creatures vanquished.

Grand Total: 50 creatures vanquished

Notes
Turn   | Place    | Note
-------+----------+-------------------------------------------
     0 | D:1      | dolemite99 the Demonspawn Gladiator began the quest for the
                  | Orb.
     0 | D:1      | Reached XP level 1. HP: 16/16 MP: 1/1
    68 | D:1      | Reached skill level 3 in Staves
   474 | D:1      | Gained mutation: You have sharp fingernails. [demonic
                  | ancestry]
   474 | D:1      | Reached XP level 2. HP: 22/22 MP: 2/2
  1077 | D:1      | Gained mutation: Your demonic aura sometimes causes spilled
                  | blood to erupt in flames. [demonic ancestry]
  1077 | D:1      | Reached XP level 3. HP: 27/27 MP: 3/3
  1507 | D:2      | Noticed Natasha
  1509 | D:2      | Killed Natasha
  1510 | D:2      | Reached skill level 4 in Staves
  1852 | D:2      | Reached XP level 4. HP: 22/33 MP: 4/4
  2729 | D:2      | Found a faded altar of an unknown god.
  2836 | D:2      | Prayed at the altar of an unknown god.
  2836 | D:2      | Became a worshipper of Vehumet
  2836 | D:2      | Reached * piety under Vehumet
  2836 | D:2      | Offered knowledge of Foxfire by Vehumet.
  2837 | D:2      | Quit the game

Illustrated notes

Levels and vault maps discovered:
D:1:      shiori_shiawase, layout_basic
D:2:      layout_basic, dilly_ecumenical_altar_fadedgnrine, uniq_natasha

Skill      XL: |  1  2  3 |
---------------+----------+-----
Staves         | 3 4 |  4.9
Fighting       | |  2.0
Throwing       | |  1.7
Dodging        | |  2.6

Action                   |  1- 3 |  4- 6 || total
-------------------------+-------+-------++-------
Melee: Quarterstaff      |    83 |    48 ||   131
Armor: Leather armour    |    25 |       ||    25
       Ring mail         |     9 |       ||     9
       Scale mail        |     4 |     7 ||    11
Dodge: Dodged            |    73 |    18 ||    91
